 Dungeon Crawl Stone Soup version 0.17-a0-1979-g1c74939 (webtiles) character file.

1698 kae the Carver (level 8, 0/64 HPs)
             Began as a Minotaur Fighter on Oct 5, 2015.
             Killed from afar by an electric eel (12 damage)
             ... with a bolt of electricity
             ... on level 6 of the Dungeon.
             The game lasted 00:05:26 (4142 turns).

kae the Carver (Minotaur Fighter)                   Turns: 4142, Time: 00:05:26

Health: 0/64       AC:  9    Str: 22    XL:     8   Next: 72%
Magic:  7/7        EV:  2    Int:  7    God:
Gold:   231        SH:  9    Dex:  9    Spells: 0 memorised, 7 levels left

rFire  . . .     SeeInvis .     a - +0 long sword
rCold  . . .     Clarity  .     u - +1 scale mail {rPois}
rNeg   . . .     SustAt   .     c - +0 shield
rPois  +         Gourm    .     (helmet restricted)
rElec  .         Spirit   .     f - +0 cloak
rCorr  .         Warding  .     (no gloves)
rMut   .         Stasis   +     (no boots)
MR     .....                    p - amulet of stasis
Stlth  ..........               (no ring)
                                k - +5 ring of slaying

@: not resistant to hostile enchantments, extremely unstealthy
A: retaliatory headbutt, horns 2, evolution 1
a: no special abilities


You were on level 6 of the Dungeon.
You were very hungry.

You visited 1 branch of the dungeon, and saw 6 of its levels.

You collected 231 gold pieces.

Inventory:

Hand Weapons
 a - a +0 long sword (weapon)
Armour
 c - a +0 shield (worn)
 f - a +0 cloak (worn)
 u - a +1 scale mail of poison resistance (worn)
Jewellery
 k - a +5 ring of slaying (left hand)
 p - an amulet of stasis (around neck)
 w - an uncursed ring of fire
Wands
 n - a wand of teleportation (2)
Scrolls
 b - a scroll of amnesia
 g - 2 scrolls of enchant armour
 h - 4 scrolls of immolation
 i - a scroll of remove curse
 q - 3 scrolls of teleportation
 t - a scroll of recharging
Potions
 l - 2 potions of haste
 o - a potion of lignification
 x - a potion of curing {unknown}
 A - a potion of agility {unknown}
Comestibles
 e - 9 bread rations
 j - 2 slices of pizza
 r - 6 meat rations
 s - 4 fruits
 z - a beef jerky


   Skills:
 - Level 3.6 Fighting
 + Level 13.0 Long Blades
 - Level 3.6 Armour
 - Level 3.6 Shields


You had 7 spell levels left.
You didn't know any spells.

Dungeon Overview and Level Annotations

Branches:
Dungeon (6/15)
 Temple: D:4-7

Altars:
Cheibriados
Gozag
Okawaru
Trog
Zin
The Shining One


Innate Abilities, Weirdness & Mutations

You reflexively headbutt those who attack you in melee.
You have a pair of horns on your head.
You evolve.


Message History

The bolt of electricity hits you! The orc closely misses you.
You furiously retaliate!
You headbutt the orc!
You kill the orc!
There is a stone staircase leading up here.
The electric eel shoots out a bolt of lightning at you!
The bolt of electricity hits you! x2
The electric eel shoots out a bolt of lightning at you!
The bolt of electricity hits the plant. x2
The bolt of electricity misses you.
The electric eel shoots out a bolt of lightning at you!
The bolt of electricity hits the plant.
The bolt of electricity hits you! The bolt of electricity hits you!
The bolt of electricity hits the plant.
An orc comes into view. It is wielding a trident.
There is a stone staircase leading up here.
The orc shouts!
The electric eel shoots out a bolt of lightning at you!
The bolt of electricity hits the plant.
The bolt of electricity hits you!
* * * LOW HITPOINT WARNING * * *
The bolt of electricity hits you!
You die...

## .. #o
#'##### .....+
.Z..# #..#
#).## ♣♣@.#
♣PP♣.+
≈≈≈≈≈≈≈≈♣
♣≈≈P;≈≈≈≈≈
≈≈≈≈≈≈≈≈≈≈≈
P≈P≈≈≈P≈≈≈≈≈
≈.≈≈≈≈≈P≈≈≈≈P
≈.≈...≈.≈≈≈P≈♣
.............


You could see an electric eel, an orc and a quokka skeleton.

Vanquished Creatures
  The ghost of kae the Carver, an amateur MiFi (D:5)
  Grinder (D:5)
  Sigmund (D:3)
  The ghost of tp1 the Skirmisher, an amateur GrBe of Trog (D:3)
  Edmund (D:5)
  Duvessa (D:4)
  A phantom (D:5)
  An ogre (D:5)
  Dowan (D:4)
  A hound (D:5)
  2 orc priests
  A giant frog zombie (D:5)
  A giant frog skeleton (D:5)
  An iguana (D:4)
  2 orc wizards
  3 worker ants (D:4)
  Robin (D:3)
  3 gnolls (D:3)
  10 adders
  An ooze (D:1)
  A worm (D:2)
  An adder zombie (D:5)
  5 giant geckos
  15 orcs
  8 bats
  6 giant cockroaches
  18 hobgoblins
  A ball python (D:3)
  4 giant newts
  7 goblins
  11 jackals
  A jackal skeleton (D:4)
  10 kobolds (D:1)
  2 quokka skeletons
  11 rats
136 creatures vanquished.

Vanquished Creatures (others)
  A plant (D:1)
1 creature vanquished.

Grand Total: 137 creatures vanquished

Notes
Turn   | Place    | Note
--------------------------------------------------------------
     0 | D:1      | kae the Minotaur Fighter began the quest for the Orb.
     0 | D:1      | Reached XP level 1. HP: 19/19 MP: 0/0
    81 | D:1      | Reached XP level 2. HP: 24/26 MP: 1/1
   516 | D:1      | Reached skill level 4 in Long Blades
   578 | D:1      | Reached XP level 3. HP: 27/31 MP: 2/2
   953 | D:2      | Reached skill level 5 in Long Blades
  1089 | D:2      | Reached XP level 4. HP: 33/39 MP: 3/3
  1357 | D:2      | Reached skill level 6 in Long Blades
  1437 | D:3      | Noticed Sigmund
  1509 | D:3      | Reached XP level 5. HP: 41/45 MP: 4/4
  1742 | D:3      | Found an opulent altar of Gozag.
  1775 | D:3      | Noticed Robin
  1780 | D:3      | Reached skill level 7 in Long Blades
  1802 | D:3      | Killed Robin
  1811 | D:3      | Noticed tp1's ghost (amateur GrBe)
  1834 | D:3      | Killed tp1's ghost
  1834 | D:3      | Reached skill level 8 in Long Blades
  1834 | D:3      | Reached XP level 6. HP: 32/51 MP: 5/5
  1946 | D:3      | Found an iron altar of Okawaru.
  1950 | D:3      | Found a glowing golden altar of the Shining One.
  1951 | D:3      | Found a snail-covered altar of Cheibriados.
  1957 | D:3      | Found a bloodstained altar of Trog.
  1959 | D:3      | Found a glowing silver altar of Zin.
  2217 | D:3      | Killed Sigmund
  2217 | D:3      | Reached skill level 9 in Long Blades
  2288 | D:3      | Reached XP level 7. HP: 54/57 MP: 6/6
  2647 | D:4      | Noticed Duvessa
  2664 | D:4      | Killed Duvessa
  2664 | D:4      | Reached skill level 10 in Long Blades
  2680 | D:4      | Noticed Dowan
  2705 | D:4      | Killed Dowan
  3172 | D:5      | Entered Level 5 of the Dungeon
  3172 | D:5      | Noticed kae's ghost (amateur MiFi)
  3305 | D:5      | Reached skill level 11 in Long Blades
  3323 | D:5      | Reached XP level 8. HP: 64/64 MP: 7/7
  3379 | D:5      | Gained mutation: You evolve. [potion of beneficial mutation]
  3385 | D:5      | Killed kae's ghost
  3447 | D:5      | Noticed Edmund
  3465 | D:5      | Killed Edmund
  3465 | D:5      | Reached skill level 12 in Long Blades
  3935 | D:6      | Noticed Grinder
  4053 | D:5      | Killed Grinder
  4053 | D:5      | Reached skill level 13 in Long Blades
  4142 | D:6      | Killed from afar by an electric eel

Vault maps used:
D:1:      elethiomel_arrival_maze, lexackson_kobold_supper
D:2:      hangedman_decor_clover_reticule
D:3:      minitemple, grunt_gozag_breadcrumbs, uniq_sigmund, uniq_robin,
          uniq_grinder
D:4:      uniq_duvessa
D:5:      first_bread, kennysheep_generic_room_14, uniq_edmund
D:6:      nicolae_overflow_hidden_temple, basic_altar, grunt_decor_fettered,
          serial_bayou_ford_a, grunt_ministairs_10

Action                   |  1- 3 |  4- 6 |  7- 9 || total
-------------------------+-------+-------+-------++-------
Melee: Long sword        |    93 |   103 |   106 ||   302
  Use: Scroll            |       |    10 |     2 ||    12
       Potion            |       |     2 |     2 ||     4
  Eat: Chunk             |     1 |     3 |     5 ||     9
